Map: Vaani Research Station (Void)

Players

Yimi - Winner!

  • Race: Zerg Zerg
  • League: Gold
  • Spawn Location: 12:00

Fropez

  • Race: Protoss Protoss
  • League: Gold
  • Spawn Location: 6:00

VOD

Have the link to the VOD?

Description

Time

  • Played on: Jan. 9, 2017, 3:08 p.m.
  • Length: 13:05
Show
View Real Time Build Order
Export as new Build Order

Yimi Zerg - Winner!

Build Orders: Pool First 

Get SALT Encoding   

  12  0:01  Drone  
  13  0:13  Overlord  
  13  0:18  Drone  
  14  0:31  Drone x2  
  16  0:45  Spawning Pool  
  16  0:46  Drone  
  16  1:13  Drone  
  16  1:15  Hatchery  
  16  1:18  Extractor, Drone  
  16  1:39  Queen  
  18  2:10  Extractor  
  18  2:13  Zergling x6  
  20  2:20  Hatchery  
  19  2:41  Metabolic Boost  
  19  2:43  Zergling x4  
  21  2:54  Queen  
  23  3:08  Drone x2  
  25  3:15  Drone  
  26  3:26  Drone  
  27  3:36  Drone x2  
  27  3:38  Drone  
  30  3:45  Drone  
  31  3:59  Drone x2  
  31  4:01  Overlord  
  33  4:14  Drone  
  34  4:18  Queen  
  34  4:21  Drone x2  
  34  5:06  Lair  
  33  5:07  Drone x8  
  33  5:13  Overlord  
  41  5:29  Extractor  
  41  5:31  Extractor  
  39  5:42  Overlord x2  
  39  5:46  Zergling x14  
  46  6:09  Overseer  
  46  6:14  Hydralisk Den  
  46  6:18  Zergling x8, Drone x5  
  54  6:33  Evolution Chamber  
  54  6:34  Drone x4  
  54  6:36  Evolution Chamber, Drone  
  57  6:56  Overlord x2  
  57  6:57  Overlord x4  
  57  7:10  Zerg Ground Armor Level 1, Zerg Missile Weapons Level 1  
  57  7:17  Overseer  
  57  7:18  Hydralisk x6  
  69  7:35  Drone x13  
  82  7:54  Drone  
  74  8:28  Extractor  
  74  8:31  Hydralisk x7  
  74  8:32  Extractor, Hydralisk x10  
  106  8:38  Muscular Augments  
  106  8:47  Pneumatized Carapace  
  106  9:24  Zerg Ground Armor Level 2, Zerg Missile Weapons Level 2  
  106  9:27  Overlord x4  
  106  9:28  Overlord x3  
  106  9:31  Extractor, Hatchery  
  104  9:33  Extractor  
  103  9:52  Zergling x8  
  107  9:53  Zergling x34  
  121  10:49  Hydralisk  
  121  10:50  Hydralisk x17  
  121  10:57  Queen, Overlord x3  
  159  11:09  Infestation Pit  
  159  11:11  Drone x2  
  160  11:22  Roach Warren  
  159  11:34  Zergling x2  
  159  11:35  Zergling x34  
  177  11:49  Hive  
  177  12:31  Drone x4  
  177  12:32  Overlord x2, Drone  
  177  12:33  Overlord x4  
  177  12:34  Roach  
Show
View Real Time Build Order
Export as new Build Order

Fropez Protoss 

Build Orders: 1 Gate Expand 

Get SALT Encoding   

  12  0:02  Probe (Chrono Boost)  
  13  0:16  Pylon  
  13  0:19  Probe (Chrono Boost)  
  14  0:29  Probe (Chrono Boost)  
  14  0:35  Gateway  
  15  0:40  Probe (Chrono Boost)  
  16  0:50  Probe (Chrono Boost)  
  17  1:03  Probe (Chrono Boost)  
  18  1:08  Assimilator  
  18  1:24  Nexus, Probe (Chrono Boost)  
  19  1:37  Cybernetics Core  
  19  1:39  Probe (Chrono Boost)  
  20  1:49  Probe (Chrono Boost)  
  20  1:52  Pylon  
  21  2:00  Probe (Chrono Boost)  
  22  2:06  Assimilator  
  22  2:10  Probe (Chrono Boost)  
  22  2:12  Assimilator  
  23  2:16  Warp Gate  
  23  2:18  Pylon  
  23  2:21  Probe (Chrono Boost)  
  23  2:39  Assimilator  
  23  2:44  Probe (Chrono Boost)  
  24  2:46  Probe (Chrono Boost)  
  25  2:56  Mothership Core (Chrono Boost)  
  25  2:57  Stalker  
  29  3:02  Probe (Chrono Boost)  
  30  3:26  Probe (Chrono Boost)  
  32  3:28  Adept, Probe (Chrono Boost)  
  34  3:39  Gateway  
  34  3:40  Gateway  
  34  3:43  Probe (Chrono Boost)  
  34  3:44  Probe (Chrono Boost)  
  36  3:50  Assimilator  
  36  3:51  Pylon  
  36  3:55  Assimilator  
  37  3:56  Pylon  
  37  3:57  Probe (Chrono Boost)  
  38  4:10  Probe (Chrono Boost)  
  38  4:11  Probe (Chrono Boost)  
  39  4:20  Gateway  
  39  4:21  Probe (Chrono Boost)  
  39  4:23  Probe (Chrono Boost)  
  41  4:30  Adept  
  39  4:50  Forge  
  39  4:52  Pylon  
  32  5:01  Adept x3  
  38  5:13  Probe (Chrono Boost)  
  39  5:16  Protoss Ground Weapons Level 1  
  39  5:20  Probe (Chrono Boost)  
  40  5:25  Probe (Chrono Boost)  
  41  5:35  Twilight Council  
  41  5:43  Stalker  
  43  5:53  Probe (Chrono Boost)  
  44  5:58  Probe (Chrono Boost)  
  45  6:08  Adept x3  
  51  6:14  Probe (Chrono Boost)  
  51  6:16  Resonating Glaives  
  52  6:19  Probe (Chrono Boost)  
  52  6:22  Pylon  
  54  6:26  Probe (Chrono Boost)  
  54  6:30  Probe (Chrono Boost)  
  55  6:38  Adept  
  57  6:40  Adept  
  60  6:47  Probe (Chrono Boost)  
  60  6:48  Probe (Chrono Boost)  
  61  6:56  Stalker  
  63  7:02  Pylon  
  63  7:03  Probe (Chrono Boost)  
  63  7:04  Probe (Chrono Boost)  
  66  7:16  Probe (Chrono Boost)  
  66  7:17  Templar Archives  
  66  7:27  Protoss Ground Weapons Level 2  
  66  7:40  Probe (Chrono Boost)  
  66  7:42  Probe (Chrono Boost)  
  66  7:44  Adept x4  
  72  7:51  Pylon  
  76  8:02  Probe (Chrono Boost)  
  76  8:04  Probe (Chrono Boost)  
  68  8:18  Stalker x4  
  68  8:36  Nexus  
  68  8:38  Probe (Chrono Boost)  
  68  8:39  Probe (Chrono Boost)  
  68  8:40  Pylon  
  70  8:43  Pylon  
  70  8:46  Pylon  
  70  8:49  Adept, Pylon  
  70  8:55  Sentry x3, Assimilator  
  78  9:04  Probe (Chrono Boost)  
  78  9:05  Probe (Chrono Boost)  
  80  9:19  Adept  
  80  9:20  Adept x3  
  88  9:27  Probe (Chrono Boost)  
  88  9:28  Probe (Chrono Boost)  
  90  9:38  Probe (Chrono Boost)  
  91  9:40  Probe (Chrono Boost)  
  91  9:42  Assimilator  
  91  9:44  Pylon  
  92  9:48  Probe (Chrono Boost)  
  92  9:50  Photon Cannon  
  92  9:52  Probe (Chrono Boost), Photon Cannon  
  94  9:54  Photon Cannon  
  94  9:56  Probe (Chrono Boost)  
  94  9:59  Probe (Chrono Boost)  
  94  10:01  Photon Cannon  
  88  10:12  Blink  
  88  10:16  Forge, Sentry  
  88  10:17  Sentry x3  
  88  10:19  Forge  
  96  10:42  Gateway  
  94  10:43  Gateway  
  94  10:44  Gateway  
  94  10:46  Protoss Shields Level 1  
  92  10:54  High Templar x2  
  92  10:55  High Templar x2  
  100  10:59  Archon x2  
  100  11:07  Protoss Ground Armor Level 1  
  100  11:12  Probe x2 (Chrono Boost)  
  100  11:13  Probe (Chrono Boost)  
  100  11:14  Pylon  
  103  11:36  Pylon, Photon Cannon  
  103  11:39  Gateway  
  103  11:41  Photon Cannon  
  103  11:44  High Templar x2  
  103  11:45  High Templar x2  
  111  11:56  Stalker  
  111  11:57  Robotics Facility  
  113  12:13  Stalker  
  115  12:32  Archon  
  115  12:33  Archon  
  115  12:34  High Templar  
  115  12:35  High Templar x4  
  125  12:39  Archon x2  
  64  12:59  Stalker  
  64  13:00  Stalker  
Tags
 
Add a new tag
Caveats
  • Supply blocks, unpowered buildings, or Contaminate may cause inaccurate times.
  • Supply counts are checked every 10 seconds.